 Dungeon Crawl Stone Soup version 0.22.0-75-g3901e79 (console) character file.

338 erker the Changer (level 6, 0/38 HPs)
             Began as an Octopode Transmuter on Sept 11, 2018.
             Slain by a gnoll (8 damage)
             ... on level 2 of the Dungeon.
             The game lasted 00:23:24 (4896 turns).

erker the Changer (Octopode Transmuter)             Turns: 4896, Time: 00:23:25

Health: 0/38       AC:  1    Str:  9    XL:     6   Next: 55%
Magic:  11/11      EV: 13    Int: 17    God:
Gold:   160        SH:  0    Dex: 13    Spells: 9/12 levels left

rFire    . . .     SeeInvis .   a - +0 dagger (venom)
rCold    . . .     Gourm    .   (no shield)
rNeg     . . .     Faith    .   (helmet restricted)
rPois    .         Spirit   .   (no amulet)
rElec    .         Reflect  .   (no ring)
rCorr    .         Harm     .   (no ring)
MR       .....                  (no ring)
Stlth    +++.......             (no ring)
HPRegen  0.12/turn              (no ring)
MPRegen  0.12/turn              (no ring)
                                (no ring)
                                (no ring)

@: no status effects
A: almost no armour, stealthy swim, amphibious, 8 rings, constrict 8, camouflage
1, gelatinous body 1
a: no special abilities


You were on level 2 of the Dungeon.
You were not hungry.

You visited 1 branch of the dungeon, and saw 3 of its levels.
You also visited: Sewer.

You collected 160 gold pieces.

Inventory:

Hand Weapons
 a - a +0 dagger of venom (weapon)
 b - a +3 blowgun
Missiles
 h - 16 arrows
Armour
 k - a +0 buckler
Scrolls
 d - 2 scrolls of immolation {unknown}
 e - a scroll of random uselessness {unknown}
 i - 2 scrolls of fear {unknown}
 l - 2 scrolls of fog {unknown}
 m - 4 scrolls of teleportation {unknown}
 p - a scroll of amnesia {unknown}
 r - a scroll of identify
 s - a scroll of magic mapping {unknown}
Potions
 f - 5 potions of curing {unknown}
 g - a potion of mutation {unknown}
 j - a potion of brilliance {unknown}
 n - a potion of magic
 o - a potion of resistance
 q - a potion of agility
 t - 2 potions of heal wounds
 w - a potion of lignification
 x - 2 potions of might
Comestibles
 c - 5 rations
 u - a chunk of flesh


   Skills:
 - Level 1.6 Fighting
 - Level 2.0 Dodging
 - Level 2.4 Stealth
 - Level 3.0 Unarmed Combat
 - Level 3.6 Spellcasting
 * Level 5.2 Transmutations


You had 9 spell levels left.
You knew the following spells:

 Your Spells              Type           Power        Failure   Level  Hunger
a - Beastly Appendage     Tmut           ###...       1%          1    None
t - Sticks to Snakes      Tmut           ###.....     2%          2    ##.....

Your spell library contained the following spells:

 Spells                   Type           Power        Failure   Level  Hunger
 Spider Form              Tmut/Pois      ##........   17%         3    ###....
 Blade Hands              Tmut           ###.......   45%         5    ######.
 Ice Form                 Ice/Tmut       ##......     50%         4    ####...


Dungeon Overview and Level Annotations

Branches:
Dungeon (3/15)

Altars:
Zin

Annotations:
D:3 2 exclusions


Innate Abilities, Weirdness & Mutations

You cannot wear most types of armour.
You are very stealthy in the water. (Stealth+)
You are amphibious.
You can wear up to eight rings at the same time.
You can use your tentacles to constrict eight enemies at once.
Your skin changes colour to match your surroundings (Stealth+).
Your rubbery body absorbs attacks. (AC +1, EV +1)


Message History

The gnoll misses you.
The gnoll hits you from afar with a spear!
You release your grip on the gnoll.
The gnoll looks more healthy.
There is a stone staircase leading up here.
The gnoll closely misses you. The gnoll hits you.
The gnoll hits you from afar with a spear!
* * * LOW HITPOINT WARNING * * *
You climb upwards.
There is a stone staircase leading down here.
Press: ? - help, v - describe, . - travel
Here: a gnoll (almost dead)
The floor.
Unknown command.
Unknown command.
Unknown command.
Unknown command.
The gnoll closely misses you. The gnoll hits you!
You die...

#.# #...'...# #.# ###
..##
###...###.####.########
...#
#......................
.>.#
#.........###.#########
...#####
#..>....<......# #..
...'...#
#..............# #..
...###.#
#<.............######..
...# #.#
#...gg.........'...####
#### #.#
#.....@).......###.####
#.# #######........#
#..... #.# #........#
###### #.#
#......).########
#####.#
########........)
#.....# #.########
##.##### #.###### #
.#.# #.##...# # .'.#
#.##...###


You could see 2 gnolls.

Vanquished Creatures
  3 orc wizards
  An orc priest (D:3)
  3 adders (D:3)
  4 gnolls
  A river rat (D:3)
  An ooze (D:1)
  2 dart slugs (D:1)
  5 leopard geckos
  6 orcs
  6 ball pythons
  7 bats
  6 giant cockroaches
  4 goblins
  7 hobgoblins
  16 jackals
  A quokka (D:2)
  6 frilled lizards
  14 kobolds
  8 rats
  6 plants (Sewer)
107 creatures vanquished.

Vanquished Creatures (collateral kills)
  A worker ant (D:3)
  A gnoll (D:2)
  A jackal (D:3)
3 creatures vanquished.

Grand Total: 110 creatures vanquished

Notes
Turn   | Place    | Note
-------+----------+-------------------------------------------
     0 | D:1      | erker the Octopode Transmuter began the quest for the Orb.
     0 | D:1      | Reached XP level 1. HP: 13/13 MP: 3/3
    79 | D:1      | Reached XP level 2. HP: 12/18 MP: 3/5
    83 | D:1      | Learned a level 2 spell: Sticks to Snakes
   308 | D:1      | Reached XP level 3. HP: 20/23 MP: 4/6
   782 | D:1      | Reached skill level 3 in Transmutations
  2467 | D:2      | Reached skill level 1 in Stealth
  2467 | D:2      | Reached XP level 4. HP: 28/28 MP: 6/8
  2672 | D:2      | Reached XP level 5. HP: 24/33 MP: 7/9
  3057 | D:3      | Reached skill level 4 in Transmutations
  3214 | D:3      | Found a glowing silver altar of Zin.
  3314 | D:3      | Reached XP level 6. HP: 27/38 MP: 11/11
  3488 | D:3      | Found a glowing drain.
  3493 | Sewer    | Entered a sewer
  4462 | D:3      | Reached skill level 5 in Transmutations
  4896 | D:2      | Slain by a gnoll

Skill      XL: |  1  2  3  4  5  6 |
---------------+-------------------+-----
Transmutations | 3 4 5 |  5.2
Stealth        | 1 2 |  2.4
Spellcasting   | 3 |  3.6
Fighting       | |  1.6
Dodging        | |  2.0
Unarmed Combat | |  3.0

Action                   |  1- 3 |  4- 6 || total
-------------------------+-------+-------++-------
Melee: Unarmed           |    32 |       ||    32
       Constrict         |    24 |    44 ||    68
       Tentacles         |    12 |    52 ||    64
       Kick              |    10 |     1 ||    11
       Dagger            |    47 |   269 ||   316
       Punch             |     1 |     4 ||     5
 Fire: Blowgun           |       |     6 ||     6
 Cast: Beastly Appendage |    16 |       ||    16
       Sticks to Snakes  |       |     7 ||     7
  Use: Scroll            |       |     6 ||     6
 Stab: Distracted        |     1 |       ||     1
       Sleeping          |     4 |    11 ||    15
  Eat: Chunk             |     5 |     8 ||    13
Armor: Skin              |     6 |     9 ||    15
Dodge: Dodged            |    41 |   114 ||   155
